 Dungeon Crawl Stone Soup version 0.30.0-17-ge0270778cf (webtiles) character file.

Game seed: 14709854791220983656

11384 ripuliukko the Thaumaturge (level 11, -1/61 HPs)
             Began as a Deep Elf Earth Elementalist on May 21, 2023.
             Was a Believer of Vehumet.
             Slain by a red ugly thing (11 damage)
             ... on level 12 of the Dungeon.
             The game lasted 00:20:32 (10814 turns).

ripuliukko the Thaumaturge (DEEE)                  Turns: 10814, Time: 00:20:33

Health: -1/61      AC: 11    Str:  5    XL:     11   Next: 48%
Magic:  13/30      EV: 13    Int: 25    God:    Vehumet [**....]
Gold:   613        SH:  0    Dex: 15    Spells: 16/36 levels left

rFire   + . .        p - +2 dagger (chaos)
rCold   . . .        (no shield)
rNeg    . . .        c - +0 steam dragon scales
rPois   .            E - +1 helmet
rElec   .            a - scarf {+Inv}
rCorr   .            g - +1 pair of gloves
SInv    +            A - +1 pair of boots
Will    +....        (no amulet)
Stlth   +++          h - ring of see invisible
HPRegen 0.30/turn    y - ring of protection from fire
MPRegen 0.22/turn

%: no passive effects
@: lethally poisoned (-1 -> -57), freezing walls
A: no striking features
a: Renounce Religion, Evoke Invisibility


You were on level 12 of the Dungeon.
You worshipped Vehumet.
Vehumet was pleased with you.
You visited 2 branches of the dungeon, and saw 13 of its levels.

You collected 749 gold pieces.
You spent 136 gold pieces at shops.

Inventory:

Hand Weapons
 i - a +2 vampiric dagger
 p - a +2 dagger of chaos (weapon)
Missiles
 q - 35 poisoned darts
 w - a throwing net
Armour
 a - a scarf of invisibility (worn)
 c - +0 steam dragon scales (worn)
 g - a +1 pair of gloves (worn)
 A - a +1 pair of boots (worn)
 E - a +1 helmet (worn)
Jewellery
 h - a ring of see invisible (left hand)
 r - a ring of fire
 x - a ring of resist corrosion
 y - a ring of protection from fire (right hand)
 D - a +6 ring of dexterity
Wands
 j - a wand of polymorph (5)
 t - a wand of digging (3)
 z - a wand of acid (10)
 G - a wand of iceblast (8)
Scrolls
 d - 4 scrolls of teleportation
 k - 4 scrolls of poison
 l - a scroll of summoning
 m - 2 scrolls of enchant weapon
 s - 3 scrolls of immolation
Potions
 e - 3 potions of heal wounds
 f - 3 potions of brilliance
 n - 7 potions of curing
 o - 3 potions of haste
 u - 2 potions of cancellation
 v - a potion of might
 B - a potion of resistance
 C - 2 potions of flight
 F - 2 potions of lignification
 M - a potion of mutation


   Skills:
 + Level 4.0 Fighting
 + Level 1.7 Short Blades
 + Level 1.0 Throwing
 * Level 4.2 Dodging
 + Level 4.2 Stealth
 + Level 13.3 Spellcasting
 * Level 7.5 Conjurations
 + Level 2.8 Necromancy
 + Level 1.1 Transmutations
 * Level 2.1 Fire Magic
 * Level 1.8 Ice Magic
 * Level 1.9 Air Magic
 + Level 10.4 Earth Magic
 * Level 6.7 Evocations


You had 16 spell levels left.
You knew the following spells:

 Your Spells              Type           Power      Damage    Failure   Level
a - Sandblast             Erth           100%       2d20      1%          1
d - Freezing Cloud        Conj/Ice/Air   17%        6-21      21%         5
f - Sticky Flame          Conj/Fire      40%        2d6       4%          4
q - Stone Arrow           Conj/Erth      100%       3d13      1%          3
r - Frozen Ramparts       Ice            50%        1d8       4%          3
w - Flame Wave            Conj/Fire      40%        2d11      4%          4

Your spell library contained the following spells:

 Spells                   Type           Power      Damage    Failure   Level
 Kiss of Death            Conj/Necr      100%       2d13      1%          1
 Passwall                 Tmut/Erth      37%        N/A       1%          2
 Cigotuvi's Dreadful Rot  Necr/Pois/Air  48%        N/A       2%          2
 Petrify                  Tmut/Erth      45%        N/A       3%          4
 Ignite Poison            Fire/Tmut/Pois 22%        N/A       7%          3
 Inner Flame              Hex/Fire       22%        N/A       7%          3


Dungeon Overview and Level Annotations

Branches:
Dungeon (12/15)            Temple (1/1) D:6            Lair (0/5) D:8
    Orc: D:9-12

Altars:
Ashenzari
Cheibriados
Dithmenos
Elyvilon
Fedhas
Gozag
Hepliaklqana
Kikubaaqudgha
Makhleb
Nemelex Xobeh
Okawaru
Qazlal
Ru
Sif Muna
Trog
Uskayaw
Vehumet
Wu Jian
Xom
Yredelemnul
Zin
The Shining One

Shops:
D:11 ?

Annotations:
D:8 1 runed translucent door, Sensen's ghost, novice TrGl


Message History

The wall freezes the red ugly thing.
The red ugly thing kicks you but does no damage.
The wall freezes the green ugly thing but does no damage.
Casting: Stone Arrow (safe; 1% risk of failure)
Confirm with . or Enter, or press ? or * to list all spells.
Aiming: Stone Arrow (safe; 1% risk of failure)
Press: ? - help, Shift-Dir - straight line, f/p - red ugly thing
Aim: a red ugly thing (severely wounded, 78% to hit)
The stone arrow misses the red ugly thing.
The wall freezes the green ugly thing.
The green ugly thing stings you.
You are poisoned.
The green ugly thing poisons you!
The wall freezes the red ugly thing.
The red ugly thing barely misses you.
Casting: Stone Arrow (safe; 1% risk of failure)
Confirm with . or Enter, or press ? or * to list all spells.
Aiming: Stone Arrow (safe; 1% risk of failure)
Press: ? - help, Shift-Dir - straight line, f/p - red ugly thing
Aim: a red ugly thing (severely wounded, 78% to hit)
The stone arrow misses the red ugly thing.
You feel extremely sick.
The wall freezes the green ugly thing!
The green ugly thing stings you.
You are lethally poisoned!
The green ugly thing poisons you!
The wall freezes the red ugly thing.
The red ugly thing kicks you!
You are engulfed in flames.
You resist.
Casting: Stone Arrow (safe; 1% risk of failure)
Confirm with . or Enter, or press ? or * to list all spells.
Aiming: Stone Arrow (safe; 1% risk of failure)
Press: ? - help, Shift-Dir - straight line, f/p - red ugly thing
Aim: a red ugly thing (severely wounded, 78% to hit)
The stone arrow hits the red ugly thing!
The red ugly thing is almost dead.
* * * LOW HITPOINT WARNING * * *
You feel extremely sick.
A gargoyle comes into view. It is wielding a +0 flail.
The wall freezes the green ugly thing.
The green ugly thing basks in the mutagenic energy from its kin and changes!
The wall freezes the red ugly thing.
The red ugly thing kicks you!
* * * LOW HITPOINT WARNING * * *
You are engulfed in flames!
You resist.
You die...

#.##. #
#....#####.#
#........###
#....u...
#9##....u #
#.## ...
#.#..# .
#####.##u#
......†u@#
#####.#†.#
.. #..#
######..#.#
#...<.....#
#.#.##..###
#.#.#...#
#.#.#..##
#.#.#..#


You could see 2 ugly things and a gargoyle.

Vanquished Creatures
  2 two-headed ogres
  A manticore (D:11)
  A cyclops (D:11)
  A gargoyle (D:11)
  2 unseen horrors (D:11)
  A komodo dragon (D:8)
  Psyche (D:9)
  3 trolls
  2 hornets
  Prince Ribbit (D:9)
  A wraith (D:11)
  12 yaks
  A wyvern (D:9)
  A steam dragon (D:6)
  Edmund (D:6)
  4 water moccasins
  An ice beast (D:7)
  4 black bears
  2 orc warriors (D:7)
  2 ogres
  4 centaurs
  A kobold brigand (D:11)
  3 phantoms
  8 bullfrogs
  2 gnoll sergeants
  9 wights
  4 scorpions
  A killer bee (D:8)
  5 spriggan skeletons (D:11)
  A vampire bat (D:4)
  A troll skeleton (D:11)
  A howler monkey (D:7)
  A jelly (D:6)
  3 hounds
  9 orc priests
  Jessica (D:2)
  Ijyb (D:5)
  2 iguanas (D:5)
  14 orc wizards
  12 gnolls
  8 adders
  A white imp (D:5)
  2 ufetubi
  A worm (D:4)
  3 dart slugs
  44 orcs
  3 ball pythons
  3 bat skeletons (D:4)
  2 bat zombies (D:4)
  4 endoplasms
  3 giant cockroaches
  4 goblins
  5 hobgoblins
  3 jackals (D:1)
  2 quokkas
  4 bats
  6 frilled lizards
  6 kobolds
  2 rats
  A butterfly (D:6)
234 creatures vanquished.

Notes
Turn   | Place    | Note
-------+----------+-------------------------------------------
     0 | D:1      | ripuliukko the Deep Elf Earth Elementalist began the quest
                  | for the Orb.
     0 | D:1      | Reached XP level 1. HP: 10/10 MP: 6/6
   259 | D:1      | Reached XP level 2. HP: 12/15 MP: 4/8
   764 | D:2      | Reached XP level 3. HP: 15/19 MP: 7/9
   773 | D:1      | Learned a level 3 spell: Stone Arrow
   863 | D:2      | Noticed Jessica
   864 | D:2      | Killed Jessica
   984 | D:2      | Reached skill level 4 in Spellcasting
   984 | D:2      | Reached XP level 4. HP: 22/24 MP: 6/12
  1812 | D:3      | Reached skill level 5 in Earth Magic
  1865 | D:3      | Found a basalt altar of Yredelemnul.
  1869 | D:3      | Reached XP level 5. HP: 28/28 MP: 10/14
  1976 | D:3      | Reached skill level 5 in Spellcasting
  2280 | D:3      | Found an ornate altar of the Wu Jian Council.
  2280 | D:3      | Found a burning altar of Makhleb.
  2281 | D:3      | Found a stormy altar of Qazlal.
  2294 | D:3      | Found a broken altar of Ashenzari.
  2444 | D:4      | Reached XP level 6. HP: 32/32 MP: 6/16
  2526 | D:4      | Found a shadowy altar of Dithmenos.
  2539 | D:4      | Reached skill level 6 in Spellcasting
  2770 | D:4      | Reached skill level 1 in Conjurations
  3242 | D:4      | Found an ancient bone altar of Kikubaaqudgha.
  3247 | D:4      | Reached skill level 7 in Spellcasting
  3247 | D:4      | Reached XP level 7. HP: 36/36 MP: 11/19
  3507 | D:5      | Entered Level 5 of the Dungeon
  4092 | D:5      | Noticed Ijyb
  4097 | D:5      | Killed Ijyb
  4177 | D:5      | Reached skill level 8 in Spellcasting
  4557 | D:6      | Noticed a steam dragon
  4579 | D:6      | Killed a steam dragon
  4580 | D:6      | Reached skill level 1 in Evocations
  4580 | D:6      | Reached XP level 8. HP: 42/42 MP: 6/22
  4991 | D:6      | Reached skill level 9 in Spellcasting
  5178 | D:6      | Found a staircase to the Ecumenical Temple.
  5186 | Temple   | Entered the Ecumenical Temple
  5232 | Temple   | Became a worshipper of Vehumet
  5416 | D:6      | Reached skill level 1 in Short Blades
  5549 | D:6      | Found a glowing golden altar of the Shining One.
  5554 | D:6      | Noticed Edmund
  5563 | D:6      | Killed Edmund
  5564 | D:6      | Reached skill level 1 in Fighting
  5710 | D:6      | Found a sparkling altar of Nemelex Xobeh.
  5785 | D:7      | Noticed a troll
  5790 | D:7      | Killed a troll
  5791 | D:7      | Reached skill level 1 in Throwing
  5791 | D:7      | Reached XP level 9. HP: 33/48 MP: 11/24
  5967 | D:7      | Reached skill level 10 in Spellcasting
  5970 | D:7      | Reached skill level 5 in Conjurations
  6293 | D:7      | Reached * piety under Vehumet
  6293 | D:7      | Offered knowledge of Kiss of Death by Vehumet.
  6296 | D:7      | Learned a level 1 spell: Kiss of Death
  6412 | D:7      | Reached skill level 1 in Necromancy
  6810 | D:7      | Found a shimmering altar of Xom.
  7018 | D:8      | Reached skill level 5 in Evocations
  7165 | D:8      | Noticed a komodo dragon
  7168 | D:8      | Killed a komodo dragon
  7169 | D:8      | Reached skill level 11 in Spellcasting
  7169 | D:8      | Reached XP level 10. HP: 52/56 MP: 16/27
  7493 | D:8      | Found a staircase to the Lair.
  7518 | D:8      | Offered knowledge of Searing Ray by Vehumet.
  7713 | D:8      | Noticed a two-headed ogre
  7719 | D:8      | Killed a two-headed ogre
  7748 | D:8      | Found a runed translucent door.
  7752 | D:8      | Noticed Sensen's ghost (novice TrGl)
  8010 | D:9      | Noticed Prince Ribbit
  8013 | D:9      | Killed Prince Ribbit
  8228 | D:9      | Noticed Psyche
  8230 | D:9      | Killed Psyche
  8230 | D:9      | Reached ** piety under Vehumet
  8353 | D:9      | Reached skill level 12 in Spellcasting
  8972 | D:10     | Entered Level 10 of the Dungeon
  9163 | D:10     | Reached skill level 10 in Earth Magic
  9163 | D:10     | Reached XP level 11. HP: 19/61 MP: 4/29
  9314 | D:10     | Found a white marble altar of Elyvilon.
  9809 | D:10     | Learned a level 5 spell: Freezing Cloud
  9814 | D:10     | Learned a level 4 spell: Sticky Flame
  9819 | D:10     | Learned a level 4 spell: Flame Wave
  9898 | D:11     | Offered knowledge of Frozen Ramparts by Vehumet.
  9903 | D:11     | Learned a level 3 spell: Frozen Ramparts
 10018 | D:11     | Noticed a two-headed ogre
 10051 | D:11     | Reached skill level 13 in Spellcasting
 10065 | D:11     | Killed a two-headed ogre
 10066 | D:11     | Reached skill level 1 in Fire Magic
 10066 | D:11     | Reached skill level 1 in Ice Magic
 10066 | D:11     | Reached skill level 1 in Air Magic
 10653 | D:11     | Found Isat's Magic Scroll Shoppe.
 10664 | D:11     | Bought a scroll of teleportation for 51 gold pieces
 10664 | D:11     | Bought a scroll of teleportation for 51 gold pieces
 10664 | D:11     | Bought a scroll of identify for 34 gold pieces
 10801 | D:12     | Noticed a red ugly thing
 10802 | D:12     | Noticed a green ugly thing
 10814 | D:12     | Slain by a red ugly thing

Illustrated notes

Levels and vault maps discovered:
D:1:      grunt_arrival_lava_bath, layout_basic, serial_park_tiny_2
D:2:      layout_basic, dreamdust_wishing_well, st_stairs_10, dk_vineyard_2,
          uniq_crazy_yiuf_cottage, uniq_jessica
D:3:      layout_rooms, mainiacjoe_overflow_brackets,
          nicolae_overflow_quartered_altars
D:4:      layout_loops_cross, kennysheep_vampire_church,
          nicolae_dithmenos_shadow_blocks, hangedman_abyss_or_decor_slice,
          minmay_crystal_room
D:5:      layout_loops_ring, uniq_ijyb
D:6:      layout_loops_ring, mainiacjoe_overflow_small_starburst,
          mainiacjoe_overflow_alcove_4, minmay_temple_entry_butterflies,
          uniq_edmund
D:7:      layout_rooms, marbit_many_paths
D:8:      layout_cave_pools, due_lair_maze_entry_diamond,
          ebering_ghost_inner_flame
D:9:      layout_roguey, uniq_prince_ribbit1, uniq_psyche
D:10:     layout_loops_cross, nicolae_elyvilon_peaceful_grove,
          dk_noncrumbling_3, billiards_dpeg
D:11:     layout_cave_pools, serial_shops, nicolae_shop_tiny_glass,
          hangedman_tell_no_tales
D:12:     layout_basic, minmay_orc_entry_guard_dogs,
          nicolae_trove_entry_columns, nicolae_transporter_intersection,
          uniq_maurice, uniq_kirke
Temple:   nicolae_temple_ecumenical_triangle

Skill      XL: |  1  2  3  4  5  6  7  8  9 10 11 |
---------------+----------------------------------+-----
Earth Magic    | 4 5 6 7 8 9 10 | 10.4
Spellcasting   | 4 5 7 8 9 11 12 13 | 13.3
Conjurations   | 1 2 4 5 6 7 |  7.5
Evocations     | 1 3 5 6 |  6.7
Short Blades   | 1 |  1.7
Fighting       | 1 3 4 |  4.0
Throwing       | 1 |  1.0
Necromancy     | 2 |  2.8
Dodging        | 3 4 |  4.2
Stealth        | 4 |  4.2
Fire Magic     | 2 |  2.1
Ice Magic      | 1 |  1.8
Air Magic      | 1 |  1.9
Transmutations | |  1.1

Action                     |  1- 3 |  4- 6 |  7- 9 | 10-12 || total
---------------------------+-------+-------+-------+-------++-------
  Melee: Dagger            |     8 |     1 |    24 |     5 ||    38
         Punch             |       |       |     1 |       ||     1
  Throw: Dart              |       |    15 |     4 |       ||    19
   Cast: Sandblast         |    30 |    76 |    63 |    67 ||   236
         Stone Arrow       |       |    16 |    70 |    77 ||   163
         Kiss of Death     |       |       |     3 |       ||     3
         Freezing Cloud    |       |       |       |     3 ||     3
         Flame Wave        |       |       |       |     3 ||     3
         Sticky Flame      |       |       |       |     2 ||     2
         Frozen Ramparts   |       |       |       |     2 ||     2
  Evoke: Wand              |       |       |     3 |       ||     3
    Use: Scroll            |       |     6 |    16 |     7 ||    29
         Potion            |       |     3 |     4 |     1 ||     8
   Stab: Sleeping          |       |       |     2 |       ||     2
 Armour: Robe              |     2 |     6 |     1 |       ||     9
         Steam dragon scal |       |       |    27 |    21 ||    48
  Dodge: Dodged            |    16 |    22 |    84 |    53 ||   175
